 Dungeon Crawl Stone Soup version 0.31-a0-614-gc85dc1c48c (webtiles) character file.

Game seed: 11812645327732399996

2229 BritishOli the Fighter (level 9, -9/75 HPs)
             Began as a Demonspawn Fighter on Aug 22, 2023.
             Was a Believer of Makhleb.
             Mangled by a yak (11 damage)
             ... on level 7 of the Dungeon.
             The game lasted 00:04:35 (5060 turns).

BritishOli the Fighter (Demonspawn Fighter)         Turns: 5060, Time: 00:04:36

Health: -9/75      AC: 15    Str: 22    XL:     9   Next: 14%
Magic:  0/9        EV:  9    Int:  9    God:    Makhleb [**....]
Gold:   310        SH:  5    Dex: 12    Spells: 8/8 levels left

rFire   . . .        a - +0 war axe
rCold   . . .        c - +0 buckler
rNeg    . . .        p - +3 scale mail
rPois   +            (no helmet)
rElec   .            A - +0 cloak
rCorr   .            (gloves unavailable)
SInv    .            (no boots)
Will    .....        k - amulet of guardian spirit Stlth
                     o - +4 ring of protection
HPRegen 0.32/turn    r - ring of poison resistance
MPRegen 0.11/turn

%: guardian spirit
@: no status effects
A: claws 3, spiny 2, demonic magic 1
a: Renounce Religion, Minor Destruction


You were on level 7 of the Dungeon.
You worshipped Makhleb.
Makhleb was pleased with you.
You visited 1 branch of the dungeon, and saw 7 of its levels.

You collected 310 gold pieces.

Inventory:

Hand Weapons
 a - a +0 war axe (weapon)
Armour
 c - a +0 buckler (worn)
 p - a +3 scale mail (worn)
 A - a +0 cloak (worn)
Jewellery
 g - an amulet of faith
 k - an amulet of guardian spirit (around neck)
 m - an amulet of regeneration
 o - a +4 ring of protection (left claw)
 r - a ring of poison resistance (right claw)
 s - a ring of protection from fire
 w - a ring of protection from cold
 y - an amulet of magic regeneration
Wands
 u - a wand of flame (16)
 v - a wand of digging (5)
Scrolls
 b - 3 scrolls of blinking {unknown}
 e - 7 scrolls of identify {unknown}
 i - 2 scrolls of poison {unknown}
 j - a scroll of teleportation {unknown}
 n - a scroll of enchant armour {unknown}
 t - 2 scrolls of noise {unknown}
 x - a scroll of revelation {unknown}
 z - a scroll of vulnerability {unknown}
Potions
 d - 2 potions of might
 f - 2 potions of berserk rage {unknown}
 h - a potion of attraction {unknown}
 l - 4 potions of heal wounds {unknown}
 q - 2 potions of curing {unknown}


   Skills:
 + Level 8.5 Fighting
 + Level 7.5 Axes
 - Level 4.0 Armour
 - Level 4.0 Shields


You had 8 spell levels left.
You didn't know any spells.
Your spell library contained the following spells:

 Spells                   Type           Power      Damage    Failure   Level
 Freeze                   Ice            0%         1d3       77%         1
 Magic Dart               Conj           0%         1d3       77%         1
 Summon Small Mammal      Summ           0%         N/A       77%         1
 Blink                    Tloc           0%         N/A       88%         2
 Call Imp                 Summ           0%         N/A       88%         2
 Lesser Beckoning         Tloc           0%         N/A       88%         2
 Momentum Strike          Conj/Tloc      0%         3d8       88%         2
 Call Canine Familiar     Summ           0%         N/A       98%         3
 Frozen Ramparts          Ice            0%         1d1       98%         3
 Gell's Gravitas          Tloc           0%         N/A       98%         3
 Hailstorm                Conj/Ice       0%         3d3       98%         3
 Inner Flame              Hex/Fire       0%         N/A       98%         3
 Mephitic Cloud           Conj/Pois/Air  0%         N/A       98%         3
 Summon Guardian Golem    Hex/Summ       0%         N/A       98%         3
 Teleport Other           Tloc           0%         N/A       98%         3
 Yara's Violent Unravell  Hex/Tmut       0%         3d3       100%        5
 Enfeeble                 Hex            0%         N/A       100%        7


Dungeon Overview and Level Annotations

Branches:
Dungeon (7/15)
 Temple: D:4-7

Altars:
Cheibriados
Makhleb
Ru
Trog

Shops:
D:5 *


Innate Abilities, Weirdness & Mutations

You have claws for hands.
You are mostly covered in sharp spines.
Spells you cast may paralyse adjacent enemies.


Message History

Your experience leads to an increase in your attributes!
Increase (S)trength, (I)ntelligence, or (D)exterity?
You feel stronger. x2; Your demonic ancestry asserts itself...
A menacing aura infuses your magic.
You are too injured to fight recklessly!
You are too injured to fight recklessly!
You are too injured to fight recklessly!
You are too injured to fight recklessly!
You barely miss the yak.
The yak is lightly wounded.
You hit the yak but do no damage. You slash the yak!
The yak is struck by your spines. The yak misses you.
The yak barely misses you. The yak gores you.
The yak gores you but does no damage. x2; The yak gores you.
You slash the yak!
The yak is heavily wounded.
You hit the yak but do no damage. You barely miss the yak.
The yak is struck by your spines. The yak gores you but does no damage.
You block the yak's attack. The yak gores you!
* * * LOW HITPOINT WARNING * * *
You closely miss the yak.
The yak is severely wounded.
You hit the yak but do no damage. x2; The yak barely misses you.
The yak closely misses you. The yak gores you!
* * * LOW HITPOINT WARNING * * *
The yak gores you but does no damage. The yak gores you.
* * * LOW HITPOINT WARNING * * *
The yak gores you but does no damage. You block the yak's attack.
The yak is struck by your spines. The yak gores you but does no damage.
The yak is struck by your spines.
You kill the yak!
Makhleb accepts your kill. The yak is struck by your spines. The yak gores you.
* * * LOW HITPOINT WARNING * * *
The yak is struck by your spines. The yak gores you.
The yak closely misses you. The yak is struck by your spines.
The yak gores you!
* * * LOW HITPOINT WARNING * * *
The yak is struck by your spines. The yak gores you!
You die...

.######....#...........#
........##.#...........#
........##.#.##.....###
#.......##.........###
##......####.#.......#
#...........####..###
###...#########..##
##.... #..## #..#. #†@#
##YY#


#ooo# .o..# ....+ #....# ###### You could see 2 yaks and 4 orcs.

Vanquished Creatures
  Maggie (D:6)
  Sigmund (D:6)
  3 yaks (D:7)
  2 ogres (D:6)
  A phantom (D:6)
  2 scorpions
  6 wights (D:6)
  A howler monkey (D:6)
  7 hounds
  A jelly (D:6)
  An orc priest (D:6)
  Crazy Yiuf (D:6)
  A gnoll bouda (D:4)
  2 iguanas
  An orc wizard (D:6)
  14 adders
  3 gnolls (D:4)
  A white imp (D:6)
  An ufetubus (D:5)
  2 worms
  3 dart slugs
  10 orcs
  8 ball pythons
  3 endoplasms
  10 giant cockroaches
  8 goblins
  7 hobgoblins
  2 jackals (D:4)
  5 kobolds
  6 quokkas
  2 bats
  A frilled lizard (D:1)
  6 rats
123 creatures vanquished.

Notes
Turn   | Place    | Note
-------+----------+-------------------------------------------
     0 | D:1      | BritishOli the Demonspawn Fighter began the quest for the
                  | Orb.
     0 | D:1      | Reached XP level 1. HP: 18/18 MP: 1/1
   142 | D:1      | Gained mutation: You have sharp fingernails. [demonic
                  | ancestry]
   142 | D:1      | Reached XP level 2. HP: 14/24 MP: 2/2
   749 | D:2      | Reached XP level 3. HP: 29/29 MP: 3/3
  1000 | D:2      | Gained mutation: You are partially covered in sharp spines.
                  | [demonic ancestry]
  1000 | D:2      | Reached XP level 4. HP: 27/35 MP: 4/4
  1060 | D:2      | Found a faded altar of an unknown god.
  1832 | D:3      | Found a burning altar of Makhleb.
  1877 | D:3      | Became a worshipper of Makhleb the Destroyer
  2303 | D:4      | Gained mutation: You are mostly covered in sharp spines.
                  | [demonic ancestry]
  2303 | D:4      | Reached XP level 5. HP: 41/42 MP: 5/5
  2359 | D:4      | Reached skill level 4 in Fighting
  2866 | D:4      | Reached XP level 6. HP: 44/48 MP: 4/6
  2998 | D:5      | Entered Level 5 of the Dungeon
  3113 | D:5      | Reached * piety under Makhleb
  3296 | D:5      | Reached skill level 5 in Fighting
  3296 | D:5      | Gained mutation: You have very sharp fingernails. [demonic
                  | ancestry]
  3296 | D:5      | Reached XP level 7. HP: 56/56 MP: 7/7
  3351 | D:5      | Found Vesack's Assorted Antiques.
  3455 | D:5      | Found a sacrificial altar of Ru.
  3916 | D:6      | Found a snail-covered altar of Cheibriados.
  4115 | D:6      | Noticed Maggie
  4126 | D:6      | Reached skill level 6 in Fighting
  4126 | D:6      | Reached skill level 5 in Axes
  4129 | D:6      | Killed Maggie
  4130 | D:6      | Gained mutation: You have claws for hands. [demonic
                  | ancestry]
  4130 | D:6      | Reached XP level 8. HP: 50/65 MP: 4/8
  4309 | D:6      | Reached skill level 7 in Fighting
  4320 | D:6      | Noticed Sigmund
  4339 | D:6      | Killed Sigmund
  4799 | D:6      | Found a bloodstained altar of Trog.
  4910 | D:6      | Found a runed translucent door.
  4911 | D:6      | Noticed Crazy Yiuf
  4919 | D:6      | Killed Crazy Yiuf
  4920 | D:6      | Reached skill level 8 in Fighting
  5049 | D:7      | Reached ** piety under Makhleb
  5053 | D:7      | Gained mutation: Spells you cast may paralyse adjacent
                  | enemies. [demonic ancestry]
  5053 | D:7      | Reached XP level 9. HP: 34/75 MP: 4/9
  5059 | D:7      | HP: 1/75 [yak (10)]
  5060 | D:7      | Mangled by a yak

Illustrated notes

Levels and vault maps discovered:
D:1:      shiori_arrival_elements, layout_basic
D:2:      layout_basic, chequers_ecumenical_altar_simple_redux, hex_large,
          hangedman_decor_peaks_small
D:3:      layout_loops_ring, mainiacjoe_overflow_brackets
D:4:      layout_gridville
D:5:      layout_basic, nicolae_ru_the_path_less_chosen, serial_shops, shop,
          minmay_misc_feat_doors, nicolae_concentric_dashed_squares_mild,
          minmay_misc_feat_more_columns
D:6:      layout_gridville, marbit_many_paths, kennysheep_slug_shrine,
          uniq_maggie, uniq_sigmund, uniq_crazy_yiuf_cottage
D:7:      layout_basic, nemelex_dance_club_becter, minmay_temple_entry_slanted,
          lightli_orcish_oven

Skill      XL: |  1  2  3  4  5  6  7  8 |
---------------+-------------------------+-----
Axes           | 2 3 4 5 7 |  7.5
Armour         | 3 4 |  4.0
Shields        | 3 4 |  4.0
Fighting       | 4 5 6 8 |  8.5

Action                     |  1- 3 |  4- 6 |  7- 9 || total
---------------------------+-------+-------+-------++-------
  Melee: War axe           |    93 |    99 |    98 ||   290
 Armour: Scale mail        |    57 |    38 |    67 ||   162
  Dodge: Dodged            |    42 |    40 |    49 ||   131
  Block: Buckler           |    24 |    23 |    29 ||    76

Table legend: (Time is in decaauts)
 A = Elapsed time spent in this place.
 B = Non-inter-level travel time spent in this place.
 C = Inter-level travel time spent in this place.
 D = Time resting spent in this place.
 E = Time spent auto-exploring this place.
 F = Levels seen in this place.
 G = Mean time per level.
                   A        B        C        D        E       F      G
               +--------+--------+--------+--------+--------+-----+--------+
         Total |   5163 |   4942 |    221 |    155 |   3919 |   7 |  737.6 |
       Dungeon |   5163 |   4942 |    221 |    155 |   3919 |   7 |  737.6 |
               +--------+--------+--------+--------+--------+-----+--------+

Top non-repeatable levels by time:
     D:6: 1126 daAuts
     D:2: 937 daAuts
     D:5: 921 daAuts
     D:4: 815 daAuts
     D:1: 712 daAuts
     D:3: 601 daAuts
     D:7: 48 daAuts
